 Dungeon Crawl Stone Soup version 0.28-b1-25-g9875b3fc8c (webtiles) character file.

Game seed: 16018679663060319731

56 tizbic2 the Caller (level 3, -3/27 HPs)
             Began as a Ghoul Summoner on Feb 2, 2022.
             Was a Follower of Nemelex Xobeh.
             Slain by a gnoll (6 damage)
             ... on level 2 of the Dungeon.
             The game lasted 00:14:50 (2107 turns).

tizbic2 the Caller (Ghoul Summoner)                 Turns: 2107, Time: 00:14:50

Health: -3/27      AC:  3    Str: 11    XL:     3   Next: 95%
Magic:  0/5        EV: 12    Int: 12    God:    Nemelex Xobeh [*.....]
Gold:   39         SH:  0    Dex: 15    Spells: 3/6 levels left

rFire   . . .      SeeInvis .     - Unarmed
rCold   + . .      Faith    .   (no shield)
rNeg    + + +      Spirit   .   d - +0 leather armour
rPois   ∞          Reflect  .   (no helmet)
rElec   .          Harm     .   (no cloak)
rCorr   .          Rampage  .   (no gloves)
Will    .....                   (no boots)
Stlth   ++........              (no amulet)
HPRegen 0.00/turn               h - +6 ring of dexterity
MPRegen 0.09/turn               (no ring)

@: very slightly contaminated, inhibited regen
A: claws 1, cold resistance 1, negative energy resistance 3, inhibited
regeneration, torment resistance 2
a: Renounce Religion, Draw Escape, Draw Destruction, Draw Summoning


You were on level 2 of the Dungeon.
You worshipped Nemelex Xobeh.
Nemelex Xobeh was aware of your devotion.
You visited 1 branch of the dungeon, and saw 2 of its levels.

You collected 39 gold pieces.

Inventory:

Hand Weapons
 n - a +1 vorpal spear
 w - a +0 longbow of freezing
Missiles
 i - 74 stones (quivered)
 j - 11 bolts
 m - 40 arrows
Armour
 d - a +0 leather armour (worn)
Jewellery
 h - a +6 ring of dexterity (left claw)
Scrolls
 b - a scroll of blinking {unknown}
 e - a scroll of immolation {unknown}
 g - a scroll of enchant armour
Potions
 a - a potion of invisibility {unknown}
 c - 2 potions of lignification {unknown}
 f - a potion of curing {unknown}


   Skills:
 + Level 0.6 Fighting
 + Level 0.5 Bows
 + Level 2.0 Dodging
 - Level 2.1 Stealth
 + Level 1.3 Unarmed Combat
 + Level 2.0 Spellcasting
 * Level 3.9 Summonings
 - Level 0.5 Necromancy
 - Level 0.4 Ice Magic
 * Level 1.0 Invocations


You had 3 spell levels left.
You knew the following spells:

 Your Spells              Type           Power      Damage    Failure   Level
a - Summon Small Mammal   Summ           40%        N/A       7%          1
b - Call Imp              Summ           10%        N/A       11%         2

Your spell library contained the following spells:

 Spells                   Type           Power      Damage    Failure   Level
 Call Canine Familiar     Summ           10%        N/A       22%         3
 Corpse Rot               Necr/Air       2%         N/A       43%         2
 Summon Guardian Golem    Hex/Summ       5%         N/A       43%         3
 Poisonous Vapours        Pois/Air       2%         N/A       47%         2
 Scorch                   Fire           2%         2d5       47%         2
 Summon Lightning Spire   Summ/Air       5%         N/A       85%         4
 Flame Wave               Conj/Fire      1%         2d4       98%         4
 Summon Cactus Giant      Summ           5%         N/A       100%        6


Dungeon Overview and Level Annotations

Branches:
Dungeon (2/15)

Altars:
Nemelex Xobeh

Shops:
D:1 *


Innate Abilities, Weirdness & Mutations

You thrive by killing the living.
You are immune to poison.
You have sharp fingernails.
Your flesh is cold resistant. (rC+)
You are immune to negative energy. (rN+++)
You do not regenerate when monsters are visible.
You are immune to unholy pain and torment.


Message History

Fire: 43 arrows
Press: ? - help, Q - select action, (/) - cycle Shift-Dir - straight line, f - gnoll
Aim: a gnoll, wielding a +0 whip (58% to hit)
You shoot an arrow.
The arrow hits the gnoll but does no damage.
Fire: 42 arrows
Press: ? - help, Q - select action, (/) - cycle Shift-Dir - straight line, f/p - gnoll
Aim: a gnoll, wielding a +0 whip (58% to hit)
You shoot an arrow. The arrow closely misses the gnoll.
Fire: 41 arrows
Press: ? - help, Q - select action, (/) - cycle Shift-Dir - straight line, f/p - gnoll
Aim: a gnoll, wielding a +0 whip (58% to hit)
You shoot an arrow. The arrow hits the gnoll.
The arrow freezes the gnoll.
The gnoll is severely wounded.
Your +0 longbow of freezing stops glowing.
You are now empty-clawed.
The gnoll hits you with a +0 whip.
You completely miss the gnoll.
The gnoll is severely wounded.
The gnoll hits you with a +0 whip.
Casting: Call Imp (safe; 11% risk of failure)
Confirm with . or Enter, or press ? or * to list all spells.
A beastly little devil appears in a puff of flame.
The gnoll hits you with a +0 whip!
* * * LOW HITPOINT WARNING * * *
Your crimson imp hits the gnoll.
Your crimson imp blinks!
Casting: Call Imp (safe; 11% risk of failure)
Confirm with . or Enter, or press ? or * to list all spells.
The gnoll hits you with a +0 whip.
* * * LOW HITPOINT WARNING * * *
Casting: Summon Small Mammal (safe; 7% risk of failure)
Confirm with . or Enter, or press ? or * to list all spells.
You miscast Summon Small Mammal.
You are very lightly contaminated with residual magic.
Nothing appears to happen.
The gnoll hits you with a +0 whip.
* * * LOW HITPOINT WARNING * * *
Your rat bites the gnoll.
The gnoll hits you with a +0 whip.
You die...
Your body glows slightly and disappears.

##########
####........#
........# #.#
###...##.##.#######
#.....#........@.#
##...#####.#####g#
##÷######.# #r#
#.....÷..# ##.##
#.######## #...#
##'## ####''####
##...## #...5(...##
##.....##
#..........##
#.......#
#.....§≈...(.##


You could see a gnoll (ally target) and a friendly rat (summoned).

Vanquished Creatures
  A river rat (D:2)
  An adder (D:2)
  A worm (D:2)
  A ball python (D:2)
  An endoplasm (D:2)
  A goblin (D:1)
  A hobgoblin (D:1)
  5 jackals
  2 kobolds (D:2)
  A quokka (D:1)
  7 bats
  A rat (D:2)
23 creatures vanquished.

Vanquished Creatures (collateral kills)
  A dart slug (D:2)
  An endoplasm (D:1)
  A goblin (D:2)
  2 ball pythons
  A kobold (D:2)
  2 rats (D:1)
8 creatures vanquished.

Vanquished Creatures (others)
  A plant (D:1)
1 creature vanquished.

Grand Total: 32 creatures vanquished

Notes
Turn   | Place    | Note
-------+----------+-------------------------------------------
     0 | D:1      | tizbic2 the Ghoul Summoner began the quest for the Orb.
     0 | D:1      | Reached XP level 1. HP: 14/14 MP: 2/2
   488 | D:1      | Reached XP level 2. HP: 7/20 MP: 0/3
   710 | D:1      | Found Kewiwneoq's Assorted Antiques.
   878 | D:1      | Learned a level 2 spell: Call Imp
   901 | D:1      | Found a faded altar of an unknown god.
   907 | D:1      | Prayed at the altar of an unknown god.
   907 | D:1      | Became a worshipper of Nemelex Xobeh the Trickster
   907 | D:1      | Reached * piety under Nemelex Xobeh
   956 | D:1      | Reached skill level 1 in Unarmed Combat
  1549 | D:2      | Received a gift from Nemelex Xobeh
  1571 | D:2      | Reached XP level 3. HP: 26/27 MP: 0/4
  1819 | D:2      | Reached skill level 1 in Invocations
  2107 | D:2      | Slain by a gnoll

Illustrated notes

Levels and vault maps discovered:
D:1:      dpeg_arrival_rhombi, layout_rooms, serial_shops,
          nicolae_shop_overgrown_old_shop, ebering_ecumenical_altar_hall
D:2:      layout_loops_corners, kennysheep_cross_room, minmay_misc_feat_encased,
          minmay_tetromino_i2

Skill      XL: |  1  2  3 |
---------------+----------+-----
Unarmed Combat | 1 |  1.3
Dodging        | 2 |  2.0
Spellcasting   | 2 |  2.0
Invocations    | 1 |  1.0
Fighting       | |  0.6
Bows           | |  0.5
Stealth        | |  2.1
Summonings     | |  3.9
Necromancy     | |  0.5
Ice Magic      | |  0.4

Action                   || total
-------------------------++-------
Melee: Unarmed           ||    64
       Longbow           ||     5
       Spear             ||     8
 Fire: Longbow           ||    18
Throw: Stone             ||     2
 Cast: Summon Small Mamm ||    17
       Call Imp          ||    10
Invok: Draw Destruction  ||     2
  Use: Scroll            ||     5
 Stab: Sleeping          ||     1
Armor: Leather armour    ||    35
       Robe              ||     6
Dodge: Dodged            ||    63
